 Dungeon Crawl Stone Soup version 0.29-a0-838-g385bb11a5b (webtiles) character file.

Game seed: 3158548717188305725

106269 snetch the Severer (level 15, -4/150 HPs)
             Began as a Minotaur Berserker on July 8, 2022.
             Was a High Priest of Trog.
             Shot with an arrow by a deep elf archer (20 damage)
             ... on level 1 of the Elven Halls on July 13, 2022.
             The game lasted 01:24:14 (28218 turns).

snetch the Severer (Minotaur Berserker)            Turns: 28218, Time: 01:24:14

Health: -4/150     AC: 37    Str: 29    XL:     15   Next: 97%
Magic:  4/4        EV: 11    Int:  4    God:    Trog [*****.]
Gold:   1781       SH:  0    Dex: 10    Spells: 14/14 levels left

rFire   + . .      SeeInvis .   a - +6 battleaxe (antimagic)
rCold   + . .      Faith    .   (shield currently unavailable)
rNeg    + . .      Spirit   .   i - +10 plate armour {ponderous}
rPois   .          Reflect  .   R - +2 hat
rElec   .          Harm     +   T - +0 cloak
rCorr   .          Rampage  .   A - +1 pair of gloves {hurl}
Will    ++++.                   w - +1 pair of boots of Resilience {Harm +Inv rN+ Will+}
Stlth   ..........              Y - amulet of Ascent {rC+ Regen+}
HPRegen 2.15/turn               m - ring of flight
MPRegen 0.09/turn               S - ring of protection from fire

@: strong-willed, on berserk cooldown, flying, regenerating, slowed, very slow
A: horns 2, retaliatory headbutt
a: Renounce Religion, Evoke Invisibility, Berserk, Trog's Hand, Brothers in Arms


You were on level 1 of the Elven Halls.
You worshipped Trog.
Trog was extremely pleased with you.
You visited 5 branches of the dungeon, and saw 24 of its levels.
You also visited: Volcano.

You collected 2602 gold pieces.
You spent 821 gold pieces at shops.

Inventory:

Hand Weapons
 a - a +6 antimagic battleaxe (weapon)
 b - a +1 demon trident of freezing
 c - a +2 broad axe of flaming
Missiles
 d - 51 poisoned darts (quivered)
 n - 164 stones
 r - 15 boomerangs
 t - 4 javelins
 L - 5 silver javelins
Armour
 i - a +10 plate armour of ponderousness (worn)
 w - the +1 pair of boots of Resilience (worn) {Harm +Inv rN+ Will+}
   (You bought it in a shop on level 2 of the Orcish Mines)

   rN:        It protects you from negative energy.
   +Inv:      It lets you turn invisible.
   Harm:      It increases damage dealt and taken.
   Will:      It increases your willpower.
 A - a +1 pair of gloves of hurling (worn)
 R - a +2 hat (worn)
 T - a +0 cloak (worn)
Jewellery
 m - a ring of flight (left hand)
 v - a ring of resist corrosion
 B - a ring of poison resistance
 S - a ring of protection from fire (right hand)
 Y - the amulet of Ascent (around neck) {rC+ Regen+}
   (You found it on level 6 of the Lair of Beasts)

   [amulet of regeneration]

   rC:        It protects you from cold.
   Regen:     It increases your rate of health regeneration.
Wands
 k - a wand of acid (16)
 y - a wand of roots (11)
 J - a wand of polymorph (7)
 O - a wand of flame (12)
 V - a wand of charming (19)
 X - a wand of mindburst (25)
Scrolls
 f - 14 scrolls of teleportation
 g - 2 scrolls of summoning {unknown}
 l - 3 scrolls of immolation
 s - a scroll of magic mapping
 C - a scroll of poison
 D - a scroll of fog
 I - 2 scrolls of fear
 M - 5 scrolls of vulnerability
 N - a scroll of torment
 U - a scroll of blinking
Potions
 e - 6 potions of lignification
 h - 2 potions of resistance
 j - 5 potions of attraction
 o - 8 potions of curing
 p - 4 potions of heal wounds
 u - 5 potions of haste
 z - 2 potions of might
 E - 6 potions of ambrosia
 F - 3 potions of mutation
 G - 2 potions of invisibility
 Q - 2 potions of cancellation
Miscellaneous
 q - a phial of floods
 W - a lightning rod (4/4)


   Skills:
 + Level 18.6 Fighting
 - Level 19.9(20.0) Axes
 + Level 0.7(13.1) Maces & Flails
 - Level 6.0 Throwing
 + Level 17.6 Armour
 + Level 7.6 Dodging
 + Level 2.7 Stealth
 + Level 0.4 Evocations


You had 14 spell levels left.
You didn't know any spells.
Your spell library contained the following spells:

 Spells                   Type           Power      Damage    Failure   Level
 Apportation              Tloc           0%         N/A       95%         1
 Foxfire                  Conj/Fire      0%         2x1d4     95%         1
 Freeze                   Ice            0%         1d3       95%         1
 Magic Dart               Conj           0%         1d3       95%         1
 Necrotise                Necr           0%         1d4       95%         1
 Summon Small Mammal      Summ           0%         N/A       95%         1
 Scorch                   Fire           0%         2d5       99%         2
 Searing Ray              Conj           0%         2d4       99%         2
 Static Discharge         Conj/Air       0%         3-3/arc   99%         2
 Call Canine Familiar     Summ           0%         N/A       100%        3
 Conjure Flame            Conj/Fire      0%         6-21      100%        3
 Dazzling Flash           Conj/Hex       0%         N/A       100%        3
 Frozen Ramparts          Ice            0%         1d2       100%        3
 Ignite Poison            Fire/Tmut/Pois 0%         N/A       100%        3
 Inner Flame              Hex/Fire       0%         N/A       100%        3
 Mephitic Cloud           Conj/Pois/Air  0%         N/A       100%        3
 Stone Arrow              Conj/Erth      0%         3d7       100%        3
 Summon Guardian Golem    Hex/Summ       0%         N/A       100%        3
 Airstrike                Air            0%         0-1+      100%        4
 Animate Armour           Summ/Erth      0%         N/A       100%        4
 Cause Fear               Hex            0%         N/A       100%        4
 Corpse Rot               Necr/Pois/Air  0%         N/A       100%        4
 Flame Wave               Conj/Fire      0%         2d4       100%        4
 Fulminant Prism          Conj/Hex       0%         3d6       100%        4
 Hailstorm                Conj/Ice       0%         3d3       100%        4
 Iskenderun's Mystic Bla  Conj/Tloc      0%         2d3       100%        4
 Passage of Golubria      Tloc           0%         N/A       100%        4
 Blade Hands              Tmut           0%         N/A       100%        5
 Freezing Cloud           Conj/Ice/Air   0%         6-21      100%        5
 Irradiate                Conj/Tmut      0%         3d11      100%        5
 Silence                  Hex/Air        0%         N/A       100%        5
 Starburst                Conj/Fire      0%         6d3       100%        6
 Summon Cactus Giant      Summ           0%         N/A       100%        6
 Dragon Form              Tmut           0%         N/A       100%        7
 Lehudib's Crystal Spear  Conj/Erth      0%         10d2      100%        8
 Dragon's Call            Summ           0%         N/A       100%        9


Dungeon Overview and Level Annotations

Branches:
Dungeon (14/15)            Temple (1/1) D:5            Lair (6/6) D:8
  Swamp (0/4) Lair:2        Snake (0/4) Lair:3        Slime (0/5) Lair:6
    Orc (2/2) D:10            Elf (1/3) Orc:2        Vaults (0/5) D:13
Volcano (visited)

Altars:
Ashenzari
Cheibriados
Dithmenos
Elyvilon
Fedhas
Gozag
Hepliaklqana
Kikubaaqudgha
Makhleb
Nemelex Xobeh
Okawaru
Qazlal
Ru
Sif Muna
Trog
Uskayaw
Vehumet
Wu Jian
Xom
Yredelemnul
Zin
The Shining One
Jiyva

Shops:
D:3 !=   D:4 !   D:5 :   D:9 [[   Orc:2 *[=(

Annotations:
D:1 all initial races behind stone
D:3 monsters behind glass


Innate Abilities, Weirdness & Mutations

You have a pair of horns on your head.
You reflexively headbutt those who attack you in melee.


Message History

You feel yourself moving faster!
You feel mighty!
The deep elf archer shoots an arrow.
The arrow hits you but does no damage.
The deep elf archer shoots an arrow.
The arrow hits you but does no damage.
The deep elf annihilator casts a spell at you.
The iron shot misses you.
The deep elf pyromancer casts a spell.
The deep elf pyromancer blinks!
You feel a strong urge to attack something.
The deep elf archer shoots an arrow.
The arrow hits you but does no damage.
The deep elf archer shoots an arrow.
The arrow hits you but does no damage.
Items here: ! $ ))) ? [[ ††.
You slash the deep elf annihilator!
The deep elf annihilator's magic leaks into the air.
The deep elf annihilator is lightly wounded.
The deep elf annihilator gestures wildly while chanting.
The deep elf annihilator blinks!
The deep elf archer shoots an arrow.
The arrow hits you!
* * * LOW HITPOINT WARNING * * *
The deep elf archer gestures wildly while chanting.
The deep elf archer blinks!
The deep elf archer shoots an arrow.
The arrow hits you.
* * * LOW HITPOINT WARNING * * *
Things that are here:
a +0 short sword; a +0 shortbow; a +2 flail of holy wrath You feel a strong urge to attack something.
The deep elf pyromancer's magic is no longer disrupted.
The deep elf annihilator casts a spell.
The deep elf annihilator blinks!
The deep elf archer points at you and mumbles some strange words.
You resist with almost no effort.
The deep elf archer mumbles some strange words.
The deep elf archer blinks!
The deep elf annihilator falters for a moment.
Things that are here:
a +0 short sword; a +0 shortbow; a +2 flail of holy wrath You feel your anger nearly subside.
You are no longer berserk.
You are exhausted.
You feel yourself slow down.
The deep elf archer shoots an arrow.
The arrow hits you!
You die...

######.....## #+#
#......## #.#
#'#.○.#..### #.#
###.##...##...## #.# #..#
##.###.#..# #.# ##'##
#.###.##.## #.#
###...#######...#..#
##'###...♣.e.###...♣....#
#...##.#.......)@e...#..#
....)'####§...>)...###.##
).....## ###.....### #.#
.......# ##e♣e## #.#
.......# #...e.# #.#
.......# #......... #.#
.......#............. ..
.......'.♣...###...♣...
#...#..#...## ##.. #.


You could see a deep elf annihilator (magic disrupted), 3 deep elf archers and a
deep elf pyromancer.

Vanquished Creatures
  Donald (Orc:1)
  An orc warlord (Orc:1)
  3 dire elephants (Lair:6)
  Snorg (D:13)
  An ettin (Orc:2)
  Josephine (D:12)
  2 boulder beetles
  2 ogre magi (Orc:2)
  A hydra (D:8)
  12 two-headed ogres
  A centaur warrior (D:13)
  7 dancing weapons (Elf:1)
  An orc high priest (Orc:1)
  A death yak (Lair:6)
  Urug (Lair:4)
  2 deep elf knights (Elf:1)
  A spectral anaconda (Lair:6)
  A spectral death yak (Lair:6)
  A hell knight (Volcano)
  The ghost of ptdevnull the Grappler, a novice TrBe of Trog (D:6)
  2 deep trolls (Orc:2)
  2 wizards (D:13)
  An obsidian statue (Lair:6)
  11 deep elf pyromancers
  6 deep elf zephyrmancers (Elf:1)
  4 deep elf archers (Elf:1)
  3 orc knights (Orc:1)
  4 necromancers (Lair:6)
  2 oklob plants (Lair:5)
  2 orc sorcerers (Orc:1)
  An ugly thing (Volcano)
  6 cyclopes
  23 elephants
  Joseph (D:9)
  2 molten gargoyles (Volcano)
  3 black mambas
  A dire elephant zombie (Lair:6)
  A torpor snail (Lair:2)
  A smoke demon (Volcano)
  9 cane toads
  A dire elephant skeleton (Lair:6)
  An unseen horror (D:10)
  5 komodo dragons
  An efreet (D:11)
  5 rime drakes
  A meliai (shapeshifter) (Elf:1)
  3 meliai (D:12)
  17 trolls
  A tyrant leech (Lair:2)
  A polar bear (Lair:5)
  A troll (shapeshifter) (D:13)
  16 blink frogs
  A hornet (D:8)
  A spectral elephant (Lair:6)
  6 slime creatures
  11 dream sheep
  2 shadows (D:10)
  4 wyverns
  39 yaks
  A water elemental (Elf:1)
  4 basilisks
  8 wraiths
  2 fire bats (Volcano)
  Menkaure (D:4)
  A fire elemental (Elf:1)
  3 steam dragons
  A swamp worm (Lair:2)
  4 vampire mosquitoes
  Duvessa (D:6)
  5 acid dragons
  17 water moccasins
  3 hell hounds (Volcano)
  A sky beast (D:8)
  2 black bears (D:4)
  28 orc warriors
  20 ogres
  4 centaurs
  3 wolves (Lair:1)
  An elephant skeleton (Lair:6)
  2 phantoms (D:4)
  3 kobold brigands
  14 bullfrogs
  A gnoll sergeant (D:13)
  5 scorpions
  Blork the orc (D:6)
  2 cane toad simulacra (Lair:6)
  13 wights
  Dowan (D:6)
  A killer bee (D:9)
  6 howler monkeys
  A vampire bat (D:3)
  A crimson imp (D:3)
  5 lava snakes (Volcano)
  16 orc priests
  A gnoll bouda (D:9)
  A hound (D:6)
  5 jellies
  Crazy Yiuf (D:6)
  7 iguanas
  23 orc wizards
  8 gnolls
  10 adders
  A shadow imp (D:6)
  2 white imps
  2 ufetubi
  2 worms (D:2)
  2 dart slugs
  62 orcs
  11 bats
  4 bat skeletons (D:3)
  3 bat zombies (D:3)
  9 endoplasms
  2 giant cockroaches
  4 hobgoblins
  23 kobolds
  4 quokkas
  4 ball pythons
  4 frilled lizards
  7 goblins
  3 rats
631 creatures vanquished.

Vanquished Creatures (collateral kills)
  A deep elf knight (Elf:1)
  An air elemental (Elf:1)
  2 orc warriors (Orc:1)
  An orc priest (Orc:1)
5 creatures vanquished.

Vanquished Creatures (others)
  A deep elf knight (Elf:1)
  A fire elemental (Elf:1)
  16 fungi
  14 plants
  4 toadstools (D:10)
  16 withered plants (Lair:6)
52 creatures vanquished.

Grand Total: 688 creatures vanquished

Notes
Turn   | Place    | Note
-------+----------+-------------------------------------------
     0 | D:1      | snetch the Minotaur Berserker began the quest for the Orb.
     0 | D:1      | Reached XP level 1. HP: 19/19 MP: 0/0
     3 | D:1      | Noticed a troll
     6 | D:1      | Noticed a vampire
     8 | D:1      | Noticed a demonspawn
     9 | D:1      | Noticed a ghoul
    11 | D:1      | Noticed a dwarf
    15 | D:1      | Noticed a merfolk zombie
    21 | D:1      | Noticed a human
   132 | D:2      | Reached XP level 2. HP: 6/27 MP: 1/1
   410 | D:1      | Reached skill level 4 in Axes
   542 | D:3      | Found Turipout's Jewellery Boutique.
   621 | D:2      | Reached XP level 3. HP: 17/34 MP: 2/2
   748 | D:3      | Reached XP level 4. HP: 15/41 MP: 3/3
   756 | D:3      | Reached ** piety under Trog
   803 | D:3      | Found Ysuol's Distillery.
   826 | D:3      | Bought a potion of curing for 42 gold pieces
   826 | D:3      | Bought a potion of heal wounds for 70 gold pieces
  1061 | D:3      | Found an ancient bone altar of Kikubaaqudgha.
  1072 | D:3      | Reached skill level 5 in Axes
  1207 | D:3      | Found a glowing drain.
  1286 | D:2      | Found a faded altar of an unknown god.
  1318 | D:1      | Upgraded the game from 0.29-a0-823-gc37b1572da to
                  | 0.29-a0-830-gcb1280458a
  1362 | D:1      | Reached XP level 5. HP: 41/47 MP: 4/4
  2232 | D:2      | You are sucked into a shaft and drop 1 floor!
  2316 | D:2      | Reached skill level 5 in Fighting
  2407 | D:3      | Found a bloodstained altar of Trog.
  2495 | D:3      | Found a shimmering altar of Xom.
  2495 | D:3      | Found a burning altar of Makhleb.
  2533 | D:4      | Found Doiquwko's Distillery.
  2549 | D:4      | Bought a potion of heal wounds for 70 gold pieces
  2549 | D:4      | Bought a potion of curing for 42 gold pieces
  2549 | D:4      | Bought a potion of degeneration for 14 gold pieces
  2566 | D:4      | Noticed a phantom
  2576 | D:4      | Killed a phantom
  2577 | D:4      | Reached XP level 6. HP: 48/56 MP: 5/5
  2695 | D:4      | Reached skill level 6 in Axes
  2709 | D:5      | Entered Level 5 of the Dungeon
  2878 | D:4      | Reached skill level 5 in Armour
  3276 | D:4      | Noticed Menkaure
  3289 | D:4      | Killed Menkaure
  3290 | D:4      | Reached skill level 1 in Throwing
  3290 | D:4      | Reached XP level 7. HP: 14/62 MP: 1/6
  3665 | D:5      | Found a staircase to the Ecumenical Temple.
  3681 | D:5      | Reached skill level 7 in Axes
  3682 | D:5      | Reached *** piety under Trog
  4171 | D:4      | Found a glowing golden altar of the Shining One.
  4193 | D:5      | Upgraded the game from 0.29-a0-830-gcb1280458a to
                  | 0.29-a0-834-g1e95ca9f62
  4416 | D:4      | Bought a potion of lignification for 42 gold pieces
  4464 | D:5      | Found Upipn's Self-Improvement Boutique.
  4494 | D:5      | Reached skill level 8 in Axes
  4494 | D:5      | Reached XP level 8. HP: 67/70 MP: 5/7
  4584 | D:6      | Noticed Blork the orc
  4593 | D:6      | Killed Blork the orc
  5191 | D:5      | Found a snail-covered altar of Cheibriados.
  5432 | Temple   | Entered the Ecumenical Temple
  5456 | D:6      | Found a runed translucent door.
  5457 | D:6      | Noticed Crazy Yiuf
  5469 | D:6      | Killed Crazy Yiuf
  5566 | D:6      | Found a runed translucent door.
  5566 | D:6      | Noticed ptdevnull's ghost (novice TrBe)
  5810 | D:7      | Reached skill level 9 in Axes
  6073 | D:7      | Reached XP level 9. HP: 30/78 MP: 5/8
  6508 | D:6      | Noticed Dowan
  6512 | D:6      | Noticed Duvessa
  6517 | D:6      | Killed Dowan
  6520 | D:6      | Killed Duvessa
  6721 | D:6      | Reached skill level 10 in Axes
  6744 | D:6      | Reached **** piety under Trog
  7003 | D:6      | Killed ptdevnull's ghost
  7004 | D:6      | Reached skill level 1 in Stealth
  7146 | D:7      | Reached skill level 11 in Axes
  7255 | D:7      | Noticed a troll
  7267 | D:7      | Killed a troll
  8139 | D:8      | Found a staircase to the Lair.
  8944 | D:8      | Found an ornate altar of the Wu Jian Council.
  9029 | D:8      | Reached skill level 10 in Armour
  9029 | D:8      | Reached XP level 10. HP: 81/88 MP: 9/9
  9321 | D:8      | Noticed a two-headed ogre
  9328 | D:8      | Killed a two-headed ogre
  9329 | D:8      | Reached skill level 12 in Axes
  9432 | D:8      | Noticed a six-headed hydra
  9450 | D:8      | Killed a six-headed hydra
  9487 | D:8      | Paralysed by a hornet for 3 turns
 10180 | D:10     | Entered Level 10 of the Dungeon
 10196 | D:10     | Reached skill level 13 in Axes
 10400 | D:10     | Reached ***** piety under Trog
 10402 | D:10     | Found a staircase to the Orcish Mines.
 10463 | D:10     | Found a basalt altar of Yredelemnul.
 10515 | D:9      | Found a stormy altar of Qazlal.
 10516 | D:9      | Found a white marble altar of Elyvilon.
 10518 | D:9      | Found a broken altar of Ashenzari.
 10518 | D:9      | Found a radiant altar of Vehumet.
 10962 | D:9      | Reached XP level 11. HP: 80/89 MP: 10/10
 11137 | D:9      | Found Jyowno's Antique Armour Emporium.
 11161 | D:9      | Bought a pair of polished gloves for 256 gold pieces
 11161 | D:9      | Identified the -2 pair of gloves of the Stone Wall {rF+
                  | Will+ Str+5} (You bought it in a shop on level 9 of the
                  | Dungeon)
 11205 | D:9      | Noticed a two-headed ogre
 11214 | D:9      | Killed a two-headed ogre
 11223 | D:9      | Reached skill level 14 in Axes
 11571 | D:9      | Found Woala's Jewellery Shop.
 11597 | D:9      | Noticed Joseph
 11617 | D:9      | Killed Joseph
 11963 | D:9      | Found Otrun's Armour Shoppe.
 13108 | D:11     | Noticed a two-headed ogre
 13115 | D:11     | Killed a two-headed ogre
 13526 | D:12     | Noticed Josephine
 13540 | D:12     | Killed Josephine
 13541 | D:12     | Reached skill level 15 in Axes
 14136 | D:11     | Noticed a two-headed ogre
 14141 | D:11     | Killed a two-headed ogre
 14692 | D:12     | Reached skill level 10 in Fighting
 14692 | D:12     | Reached XP level 12. HP: 31/106 MP: 11/11
 14722 | D:12     | Identified a scroll of acquirement
 14756 | D:11     | Reached skill level 5 in Throwing
 14756 | D:11     | Reached XP level 13. HP: 33/116 MP: 12/12
 14759 | D:11     | Acquired a +2 antimagic battleaxe
 15073 | D:12     | Found a stormy altar of Qazlal.
 15306 | D:12     | Reached skill level 16 in Axes
 16072 | D:13     | Found a gate to the Vaults.
 16203 | D:13     | Noticed Snorg
 16208 | D:13     | Received a gift from Trog
 16219 | D:13     | Killed Snorg
 17017 | D:14     | Noticed a fire dragon
 17158 | Lair:1   | Entered Level 1 of the Lair of Beasts
 17417 | Lair:1   | Reached skill level 17 in Axes
 18665 | Lair:2   | Got the Monograph on Hazy Impurities
 18977 | Lair:2   | Found a staircase to the Swamp.
 19175 | Lair:2   | Received a gift from Trog
 19821 | Lair:4   | Noticed Urug
 19846 | Lair:4   | Killed Urug
 19847 | Lair:4   | Reached skill level 18 in Axes
 19847 | Lair:4   | Reached skill level 15 in Armour
 20100 | Lair:3   | Found a staircase to the Snake Pit.
 21165 | Lair:4   | Reached XP level 14. HP: 116/129 MP: 4/13
 22467 | Lair:6   | Entered Level 6 of the Lair of Beasts
 22469 | Lair:6   | Found a staircase to the Slime Pits.
 22469 | Lair:6   | Found a viscous altar of Jiyva.
 22526 | Lair:6   | Reached skill level 19 in Axes
 22770 | Lair:6   | Received a gift from Trog
 23090 | Lair:5   | Found a blossoming altar of Fedhas.
 24179 | Lair:6   | Identified the amulet of Ascent {rC+ Regen+}
 24330 | Lair:6   | Identified the +6 quarterstaff of Tender Mercy {freeze,
                  | Fragile Int-3 Dex+7}
 24591 | Lair:6   | Reached skill level 15 in Fighting
 25000 | Orc:1    | Entered Level 1 of the Orcish Mines
 25078 | Orc:1    | Found a dark tunnel.
 25100 | Volcano  | Entered a volcano
 25379 | Volcano  | Found a burning altar of Makhleb.
 25420 | Volcano  | Reached XP level 15. HP: 132/141 MP: 4/14
 25674 | Orc:1    | Noticed an orc warlord
 25685 | Orc:1    | Killed an orc warlord
 26105 | Orc:1    | Paralysed by an orc sorcerer for 2 turns
 26212 | Orc:1    | Upgraded the game from 0.29-a0-834-g1e95ca9f62 to
                  | 0.29-a0-838-g385bb11a5b
 26228 | Orc:2    | Entered Level 2 of the Orcish Mines
 26234 | Orc:2    | Noticed Donald
 26260 | Orc:1    | Killed Donald
 26324 | Orc:2    | Found Owemu's Assorted Antiques.
 26412 | Orc:2    | Found Afusocs's Antique Armour Shop.
 26770 | Orc:2    | Found Hykaod's Armour Boutique.
 26773 | Orc:2    | Found Hentiu's Antique Weapon Shoppe.
 26776 | Orc:2    | Bought a pair of masterwork boots for 285 gold pieces
 26776 | Orc:2    | Identified the +1 pair of boots of Resilience {Harm +Inv
                  | rN+ Will+} (You bought it in a shop on level 2 of the
                  | Orcish Mines)
 26880 | Orc:2    | Found Ympiar's Jewellery Boutique.
 27047 | Orc:2    | Found a staircase to the Elven Halls.
 27605 | Elf:1    | Entered Level 1 of the Elven Halls
 27683 | Elf:1    | Paralysed by an air elemental for 1 turns
 27933 | Elf:1    | Identified the +0 leather armour of Depression {rPois}
 28218 | Elf:1    | Shot with an arrow by a deep elf archer

Illustrated notes

Levels and vault maps discovered:
D:1:      shiori_arrival_whats_in_store_for_you, layout_loops_corners
D:2:      layout_rooms, hellmonk_ecumenical_altar_leap_of_faith
D:3:      layout_rooms, grunt_temple_overflow_champion_of_chaos,
          kennysheep_vampire_church, marbit_many_paths, portal_sewer_entry_e,
          serial_shops, nicolae_shop_temple_entry_statues_fountains, shop_coins,
          kennysheep_nondescript, lightli_corner_chamber
D:4:      layout_basic, tso_altar, serial_shops, nicolae_shop_statue_plus,
          serial_glass, glass_columns_c, glass_columns_b, kennysheep_donut,
          uniq_menkaure
D:5:      nicolae_BIG_FREAKIN_CUBE, layout_basic, lemuel_tele_altar,
          minmay_temple_entry_statues_pillars, nicolae_shop_self_help
D:6:      layout_basic, hellmonk_ghost_happy_afterlife, uniq_duvessa,
          uniq_crazy_yiuf_cottage, uniq_blork_the_orc
D:7:      layout_layer_cave
D:8:      layout_basic, mainiacjoe_overflow_paths, lair_entry_dummy
D:9:      kennysheep_ambush_hall, layout_stronghold,
          mainiacjoe_overflow_alcove_3, serial_shops, nicolae_shop_hallway_plus,
          shop_fountains, shop, minmay_sticks_and_stones, uniq_joseph
D:10:     layout_rooms, old_standard_altar, david_orc_5,
          minmay_gold_behind_fungi, mrwooster_statue_mirror
D:11:     layout_basic
D:12:     layout_loops_ring, nicolae_qazlal_scattered_showers, uniq_josephine
D:13:     layout_cave_pools, david_vaults_1, uniq_snorg
D:14:     due_chaos_kobolds, layout_cross
Temple:   hellmonk_temple_micro_hex
Lair:1:   layout_gridlike, grunt_megastairs_5
Lair:2:   layout_gridlike, minmay_swamp_entry_worms, grunt_megastairs_1,
          serial_bayou_shore_b
Lair:3:   layout_hall_layers, dummy_snake_entry
Lair:4:   layout_small_grid, grunt_megastairs_4, uniq_urug
Lair:5:   layout_gridlike, hangedman_tree_tricks
Lair:6:   due_jungle_book, layout_long_grid, minmay_slime_entry_pillars
Orc:1:    orc_temple, layout_diamond_mine, nicolae_volcano_entry_two_sided,
          basic_altar
Orc:2:    st_orc_open, layout_diamond_mine, serial_shops, nicolae_square_shop,
          uniq_donald
Elf:1:    eino_elf_arrival_shootout, layout_geoelf_octagon, serial_shops, shop,
          minmay_elf_annihilation, st_stairs_1, grunt_ministairs_13

Skill      XL: |  1  2  3  4  5  6  7  8  9 10 11 12 13 14 15 |
---------------+----------------------------------------------+-----
Axes           | 4 5 6 8 9 11 13 15 18 19 | 19.9
Fighting       | 4 5 6 7 8 10 11 13 15 18 | 18.6
Armour         | 3 4 5 6 8 10 11 13 15 16 17 | 17.6
Dodging        | 3 4 6 7 |  7.6
Throwing       | 1 2 3 4 5 6 |  6.0
Stealth        | 1 2 |  2.7
Maces & Flails | |  0.7
Evocations     | |  0.4

Action                   |  1- 3 |  4- 6 |  7- 9 | 10-12 | 13-15 || total
-------------------------+-------+-------+-------+-------+-------++-------
Melee: Hand axe          |    58 |   160 |   148 |       |       ||   366
       Headbutt          |     8 |    18 |    60 |    61 |   201 ||   348
       Punch             |     1 |     2 |     1 |     3 |       ||     7
       War axe           |       |       |   114 |   143 |       ||   257
       Battleaxe         |       |       |       |   140 |   881 ||  1021
       Flail             |       |       |       |     2 |       ||     2
       Demon trident     |       |       |       |       |     2 ||     2
Throw: Dart              |     1 |     8 |    19 |    17 |   115 ||   160
       Boomerang         |       |       |       |     1 |       ||     1
Invok: Berserk           |     1 |     2 |     3 |     6 |     9 ||    21
       Trog's Hand       |       |       |       |     1 |    12 ||    13
       Brothers in Arms  |       |       |       |       |     3 ||     3
Evoke: Wand              |       |       |       |     3 |       ||     3
  Use: Scroll            |       |       |       |    17 |     9 ||    26
       Potion            |       |       |       |     1 |     6 ||     7
Armor: Scale mail        |    29 |    30 |       |       |       ||    59
       Chain mail        |       |    56 |    34 |       |   119 ||   209
       Plate armour      |       |       |   124 |   249 |   433 ||   806
Dodge: Dodged            |    26 |   115 |   100 |   155 |   383 ||   779

Table legend: (Time is in decaauts)
 A = Elapsed time spent in this place.
 B = Non-inter-level travel time spent in this place.
 C = Inter-level travel time spent in this place.
 D = Time resting spent in this place.
 E = Time spent auto-exploring this place.
 F = Levels seen in this place.
 G = Mean time per level.
                   A        B        C        D        E       F      G
               +--------+--------+--------+--------+--------+-----+--------+
         Total |  28172 |  26361 |   1811 |   1608 |  18513 |  25 | 1126.9 |
       Dungeon |  17387 |  16141 |   1246 |   1393 |  11111 |  14 | 1241.9 |
        Temple |      1 |      1 |      0 |      0 |      0 |   1 |    1.0 |
          Lair |   7688 |   7270 |    418 |    208 |   5683 |   6 | 1281.3 |
  Orcish Mines |   2084 |   1939 |    145 |      6 |   1313 |   2 | 1042.0 |
   Elven Halls |    595 |    595 |      0 |      0 |    301 |   1 |  595.0 |
       Volcano |    415 |    415 |      0 |      0 |    104 |   1 |  415.0 |
               +--------+--------+--------+--------+--------+-----+--------+

Top non-repeatable levels by time:
     D:9: 2396 daAuts
     D:7: 2085 daAuts
    D:11: 1968 daAuts
     D:4: 1762 daAuts
  Lair:4: 1583 daAuts
  Lair:6: 1414 daAuts
  Lair:1: 1347 daAuts
     D:6: 1334 daAuts
  Lair:2: 1254 daAuts
   Orc:2: 1105 daAuts
     D:5: 1097 daAuts
    D:12: 1084 daAuts
     D:8: 1069 daAuts
  Lair:5: 1064 daAuts
    D:13: 1061 daAuts
